3AA
MARQUETTE MINERS @ FT. POLK SOUTH THUNDER HAWKS
08/18/2030
 
TOP OF THE 1ST
Marquette Miners batting - Pitching for Ft. Polk South Thunder Hawks : RHP Allen Beach
Pitching: RHP Allen Beach
Batting: SHB Theron Montecalvo 0-0: DOUBLE (Flyball, 89D)
Batting: RHB Andrew Cantrell 0-0: Ball
1-0: Called Strike
1-1: Fly out, F8 (Flyball, 8RS)
Batting: LHB Adrian McCoy 0-0: Foul Ball, location: 2F
0-1: Ball
1-1: Swinging Strike
1-2: Foul Ball, location: 2F
1-2: Strikes out looking
Batting: LHB Vicente Castaneda 0-0: Ball
1-0: Called Strike
1-1: Ball
2-1: Foul Ball, location: 2F
2-2: Foul Ball, location: 2F
2-2: SINGLE (Groundball, 4MD)
Theron Montecalvo to third
Runner from 3rd tries for Home, SAFE, no throw
Batting: RHB Asko Riikonen 0-0: Called Strike
0-1: Swinging Strike
0-2: Ball
1-2: Ball
2-2: Strikes out swinging
Top of the 1st over - 1 run, 2 hits, 0 errors, 1 left on base; Marquette 1 - Ft. Polk South 0
BOTTOM OF THE 1ST
Ft. Polk South Thunder Hawks batting - Pitching for Marquette Miners : RHP Juan Parales
Pitching: RHP Juan Parales
Batting: LHB Dallas Ihde 0-0: Ball
1-0: Ball
2-0: Swinging Strike
2-1: Swinging Strike
2-2: Foul Ball, location: 2F
2-2: Ball
3-2: Foul Ball, location: 2F
3-2: Base on Balls
Batting: LHB Ijsbrand Erkelens 0-0: Ball
1-0: Ball
2-0: Foul Ball, location: 2F
2-1: Fly out, F8 (Flyball, 8RD)
Batting: LHB Danny Trautmann 0-0: Ball
1-0: Ball
Passed Ball!
Dallas Ihde to second
2-0: Ball
3-0: Base on Balls
Batting: RHB Doug Allerdale 0-0: Ball
1-0: Called Strike
1-1: Ball
2-1: Fly out, F3 (Popup, 3L)
Batting: RHB Howard Lee 0-0: Foul Ball, location: 2F
0-1: Ball
Wild Pitch!
Dallas Ihde to third
Danny Trautmann to second
1-1: Swinging Strike
1-2: Foul Ball, location: 2F
1-2: Ball
2-2: Ball
3-2: Foul Ball, location: 2F
3-2: Foul Ball, location: 2F
3-2: Base on Balls
Batting: RHB Erik Sterk 0-0: Swinging Strike
0-1: Ball
1-1: SINGLE (Groundball, 6MD)
Dallas Ihde scores
Danny Trautmann to third
Howard Lee to second
Runner from 3rd tries for Home, SAFE, no throw
Batting: RHB Lee Suárez 0-0: Ball
1-0: Ball
2-0: Ball
3-0: Called Strike
3-1: Base on Balls
Howard Lee to third
Erik Sterk to second
Batting: RHB Luke Thornton 0-0: Called Strike
0-1: Swinging Strike
0-2: Strikes out looking
Bottom of the 1st over - 2 runs, 1 hit, 0 errors, 3 left on base; Marquette 1 - Ft. Polk South 2
TOP OF THE 2ND
Marquette Miners batting - Pitching for Ft. Polk South Thunder Hawks : RHP Allen Beach
Batting: RHB Alejandro Márquez 0-0: Ball
1-0: Fly out, F8 (Flyball, 78M)
Batting: RHB Brock Dean 0-0: Ball
1-0: Ball
2-0: Ground out U3 (Groundball, 3)
Batting: RHB Howard Nardo 0-0: Fly out, F8 (Flyball, 8LM)
Top of the 2nd over - 0 runs, 0 hits, 0 errors, 0 left on base; Marquette 1 - Ft. Polk South 2
BOTTOM OF THE 2ND
Ft. Polk South Thunder Hawks batting - Pitching for Marquette Miners : RHP Juan Parales
Batting: RHB Ryan Dudley 0-0: Called Strike
0-1: Ball
1-1: Bunt missed!
1-2: Strikes out looking
Batting: LHB Dallas Ihde 0-0: Fly out, F8 (Flyball, 8RD)
Batting: LHB Ijsbrand Erkelens 0-0: Fly out, F8 (Flyball, 8RD)
Bottom of the 2nd over - 0 runs, 0 hits, 0 errors, 0 left on base; Marquette 1 - Ft. Polk South 2
TOP OF THE 3RD
Marquette Miners batting - Pitching for Ft. Polk South Thunder Hawks : RHP Allen Beach
Batting: RHB Rocky Cantrell 0-0: Ground out 6-3 (Groundball, 6)
Batting: SHB Theron Montecalvo 0-0: Called Strike
0-1: Hit by Pitch
Batting: RHB Andrew Cantrell 0-0: Ball
1-0: Fly out, F7 (Flyball, 7S)
Batting: LHB Adrian McCoy 0-0: Called Strike
0-1: Ball
1-1: Foul Ball, location: 2F
1-2: Strikes out swinging
Top of the 3rd over - 0 runs, 0 hits, 0 errors, 1 left on base; Marquette 1 - Ft. Polk South 2
BOTTOM OF THE 3RD
Ft. Polk South Thunder Hawks batting - Pitching for Marquette Miners : RHP Juan Parales
Batting: LHB Danny Trautmann 0-0: Ball
1-0: Fly out, F8 (Flyball, 78D)
Batting: RHB Doug Allerdale 0-0: Called Strike
0-1: Ball
1-1: Called Strike
1-2: Strikes out looking
Batting: RHB Howard Lee 0-0: Ball
1-0: Ball
2-0: Ball
3-0: Called Strike
3-1: Foul Ball, location: 2F
3-2: Strikes out swinging
Bottom of the 3rd over - 0 runs, 0 hits, 0 errors, 0 left on base; Marquette 1 - Ft. Polk South 2
TOP OF THE 4TH
Marquette Miners batting - Pitching for Ft. Polk South Thunder Hawks : RHP Allen Beach
Batting: LHB Vicente Castaneda 0-0: Ball
1-0: Fly out, F8 (Flyball, 8RM)
Batting: RHB Asko Riikonen 0-0: Ball
1-0: Ball
2-0: Foul Ball, location: 2F
2-1: Foul Ball, location: 2F
2-2: Foul Ball, location: 2F
2-2: SINGLE (Line Drive, 4D)
Batting: RHB Alejandro Márquez 0-0: Ball
1-0: Called Strike
1-1: Ball
2-1: Foul Ball, location: 2F
2-2: Foul Ball, location: 2F
2-2: Fly out, F6 (Popup, 6M)
Batting: RHB Brock Dean 0-0: Ball
1-0: Ball
2-0: SINGLE (Groundball, 4D)
Asko Riikonen to second
Runner from 2nd tries for 3rd, OUT!
Top of the 4th over - 0 runs, 2 hits, 0 errors, 1 left on base; Marquette 1 - Ft. Polk South 2
BOTTOM OF THE 4TH
Ft. Polk South Thunder Hawks batting - Pitching for Marquette Miners : RHP Juan Parales
Batting: RHB Erik Sterk 0-0: Called Strike
0-1: SOLO HOME RUN (Flyball, 7D), Distance : 370 ft
Batting: RHB Lee Suárez 0-0: Ball
1-0: Ball
2-0: SINGLE (Line Drive, 89S)
Batting: RHB Luke Thornton 0-0: Ball
1-0: Ball
2-0: Foul Ball, location: 2F
2-1: Called Strike
2-2: Ball
3-2: Foul Ball, location: 2F
3-2: Base on Balls
Lee Suárez to second
Batting: RHB Ryan Dudley 0-0: Ball
1-0: Called Strike
1-1: Ball
2-1: Called Strike
2-2: Strikes out looking
Batting: LHB Dallas Ihde 0-0: Swinging Strike
0-1: Ball
Luke Thornton is caught stealing 2nd base
1-1: Fly out, F9 (Flyball, 89D)
Bottom of the 4th over - 1 run, 2 hits, 0 errors, 1 left on base; Marquette 1 - Ft. Polk South 3
TOP OF THE 5TH
Marquette Miners batting - Pitching for Ft. Polk South Thunder Hawks : RHP Allen Beach
Batting: RHB Howard Nardo 0-0: Foul Ball, location: 2F
0-1: Called Strike
0-2: Ball
1-2: Ball
2-2: Foul Ball, location: 2F
2-2: Strikes out looking
Batting: RHB Rocky Cantrell 0-0: Called Strike
0-1: Ball
1-1: Ball
2-1: SINGLE (Groundball, 6MS) (infield hit)
Batting: SHB Theron Montecalvo 0-0: Ball
1-0: Called Strike
1-1: Called Strike
1-2: Foul Ball, location: 2F
1-2: Strikes out swinging
Batting: RHB Andrew Cantrell 0-0: Ball
1-0: Called Strike
1-1: Ball
2-1: Foul Ball, location: 2F
2-2: Ball
3-2: Ground out 6-3 (Groundball, 6S)
Top of the 5th over - 0 runs, 1 hit, 0 errors, 1 left on base; Marquette 1 - Ft. Polk South 3
BOTTOM OF THE 5TH
Ft. Polk South Thunder Hawks batting - Pitching for Marquette Miners : RHP Juan Parales
Batting: LHB Ijsbrand Erkelens 0-0: Ball
1-0: Called Strike
1-1: Fly out, F7 (Flyball, 7LSF)
Batting: LHB Danny Trautmann 0-0: Called Strike
0-1: Foul Ball, location: 2F
0-2: DOUBLE (Flyball, 78D)
Batting: RHB Doug Allerdale 0-0: Ball
1-0: Swinging Strike
1-1: SINGLE (Line Drive, 8LS)
Danny Trautmann to third
Runner from 3rd tries for Home, SAFE, no throw
Batting: RHB Howard Lee 0-0: Ball
1-0: Ball
2-0: Ball
3-0: Called Strike
3-1: SINGLE (Line Drive, 9S)
Doug Allerdale to second
Runner from 2nd tries for 3rd, SAFE, no throw
Batting: RHB Erik Sterk 0-0: Fly out, F9 (Flyball, 9D)
Runner from 3rd tags up, SCORES, no throw
Batting: RHB Lee Suárez 0-0: Ball
1-0: Called Strike
1-1: Swinging Strike
1-2: Ground out 4-3 (Groundball, 4)
Bottom of the 5th over - 2 runs, 3 hits, 0 errors, 1 left on base; Marquette 1 - Ft. Polk South 5
TOP OF THE 6TH
Marquette Miners batting - Pitching for Ft. Polk South Thunder Hawks : RHP Allen Beach
Batting: LHB Adrian McCoy 0-0: Foul Ball, location: 2F
0-1: Swinging Strike
0-2: Strikes out swinging, 2-3 out at first.
Batting: LHB Vicente Castaneda 0-0: Called Strike
0-1: Called Strike
0-2: Ground out 4-3 (Groundball, 34)
Batting: RHB Asko Riikonen 0-0: Swinging Strike
0-1: Swinging Strike
0-2: Foul Ball, location: 2F
0-2: Ball
1-2: SINGLE (Groundball, 34D)
Batting: RHB Alejandro Márquez 0-0: Ball
1-0: Called Strike
1-1: Ball
2-1: Ball
3-1: Base on Balls
Asko Riikonen to second
Batting: RHB Brock Dean 0-0: Ball
1-0: SINGLE (Groundball, 6MD)
Asko Riikonen to third
Alejandro Márquez to second
Runner from 3rd tries for Home, SAFE, no throw
Batting: RHB Howard Nardo 0-0: Ball
1-0: Ball
2-0: Called Strike
2-1: Fly out, F7 (Line Drive, 7D)
Top of the 6th over - 1 run, 2 hits, 0 errors, 2 left on base; Marquette 2 - Ft. Polk South 5
BOTTOM OF THE 6TH
Ft. Polk South Thunder Hawks batting - Pitching for Marquette Miners : RHP Juan Parales
Batting: RHB Luke Thornton 0-0: Fly out, F4 (Line Drive, 4)
Batting: RHB Ryan Dudley 0-0: Foul Ball, location: 2F
0-1: Foul Ball, location: 2F
0-2: Ball
1-2: Fly out, F9 (Flyball, 9LM)
Batting: LHB Dallas Ihde 0-0: Called Strike
0-1: Ball
1-1: Ball
2-1: Fly out, F7 (Flyball, 7LS)
Bottom of the 6th over - 0 runs, 0 hits, 0 errors, 0 left on base; Marquette 2 - Ft. Polk South 5
TOP OF THE 7TH
Marquette Miners batting - Pitching for Ft. Polk South Thunder Hawks : RHP Allen Beach
Batting: RHB Rocky Cantrell 0-0: Swinging Strike
0-1: Foul Ball, location: 2F
0-2: Ball
1-2: Ground out 4-3 (Groundball, 4)
Batting: SHB Theron Montecalvo 0-0: Ground out 6-3 (Groundball, 6M)
Batting: RHB Andrew Cantrell 0-0: Called Strike
0-1: Ground out 6-3 (Groundball, 6)
Top of the 7th over - 0 runs, 0 hits, 0 errors, 0 left on base; Marquette 2 - Ft. Polk South 5
BOTTOM OF THE 7TH
Ft. Polk South Thunder Hawks batting - Pitching for Marquette Miners : RHP Juan Parales
Batting: LHB Ijsbrand Erkelens 0-0: Ball
1-0: Foul Ball, location: 2F
1-1: Ball
2-1: Foul Ball, location: 2F
2-2: Ball
3-2: Foul Ball, location: 2F
3-2: Base on Balls
Pitching: RHP Kick Bloemheuvel
Batting: LHB Danny Trautmann 0-0: Ball
1-0: Called Strike
1-1: Ball
2-1: Foul Ball, location: 2F
2-2: Grounds out, U3 (Groundball, 3L)
Batting: RHB Doug Allerdale 0-0: Called Strike
0-1: Foul Ball, location: 2F
0-2: Ball
1-2: Ball
2-2: SINGLE (Groundball, 56D)
Ijsbrand Erkelens to third
Runner from 3rd tries for Home, SAFE, throw made home
Batting: RHB Howard Lee 0-0: Called Strike
0-1: Ball
1-1: Ball
2-1: SINGLE (Groundball, 56D)
Doug Allerdale to second
Batting: RHB Erik Sterk 0-0: Ball
1-0: Ball
2-0: Ball
3-0: Called Strike
3-1: Called Strike
3-2: Strikes out swinging
Batting: RHB Lee Suárez 0-0: Ball
1-0: Ball
2-0: SINGLE (Flyball, 78M)
Doug Allerdale to third
Howard Lee to second
Runner from 3rd tries for Home, SAFE, no throw
Batting: RHB Luke Thornton 0-0: Ball
1-0: Ball
2-0: Swinging Strike
2-1: SINGLE (Groundball, 34D)
Howard Lee to third
Lee Suárez to second
Runner from 3rd tries for Home, SAFE, no throw
Batting: RHB Ryan Dudley 0-0: Ball
Passed Ball!
Lee Suárez to third
Luke Thornton to second
1-0: Fly out, F8 (Flyball, 8RS)
Bottom of the 7th over - 3 runs, 4 hits, 0 errors, 2 left on base; Marquette 2 - Ft. Polk South 8
TOP OF THE 8TH
Marquette Miners batting - Pitching for Ft. Polk South Thunder Hawks : RHP Allen Beach
Batting: LHB Adrian McCoy 0-0: Ball
1-0: Ball
2-0: Called Strike
2-1: Ball
3-1: Called Strike
3-2: Ground out 3-1 (Groundball, 34)
Batting: LHB Vicente Castaneda 0-0: Ground out U3 (Groundball, 34)
Batting: RHB Asko Riikonen 0-0: Called Strike
0-1: Ball
1-1: SINGLE (Groundball, 4MD)
Batting: RHB Alejandro Márquez 0-0: Ball
1-0: Called Strike
1-1: Ground out 5-3 (Groundball, 5S)
Top of the 8th over - 0 runs, 1 hit, 0 errors, 1 left on base; Marquette 2 - Ft. Polk South 8
BOTTOM OF THE 8TH
Ft. Polk South Thunder Hawks batting - Pitching for Marquette Miners : RHP Kick Bloemheuvel
Batting: LHB Dallas Ihde 0-0: Called Strike
0-1: Ball
1-1: Ground out 5-3 (Groundball, 5)
Batting: LHB Ijsbrand Erkelens 0-0: Ball
1-0: Ball
2-0: Fly out, F7 (Flyball, 7LS)
Batting: LHB Danny Trautmann 0-0: Ball
1-0: Ground out 4-3 (Groundball, 34)
Bottom of the 8th over - 0 runs, 0 hits, 0 errors, 0 left on base; Marquette 2 - Ft. Polk South 8
TOP OF THE 9TH
Marquette Miners batting - Pitching for Ft. Polk South Thunder Hawks : RHP Allen Beach
Batting: RHB Brock Dean 0-0: Swinging Strike
0-1: Ball
1-1: Called Strike
1-2: SINGLE (Groundball, 6MD)
Pitching: RHP Joey Hamman
Batting: RHB Howard Nardo 0-0: TRIPLE (Flyball, 7LD)
Brock Dean scores
Batting: RHB Rocky Cantrell 0-0: Swinging Strike
0-1: Ball
1-1: Fly out, F7 (Flyball, 7S)
Batting: SHB Theron Montecalvo 0-0: Foul Ball, location: 2F
0-1: Ball
1-1: Ball
2-1: Ball
3-1: Base on Balls
Batting: RHB Andrew Cantrell 0-0: Reached on error, E5 (Groundball, 5)
Howard Nardo scores
Theron Montecalvo to second
Batting: LHB Adrian McCoy 0-0: Called Strike
0-1: Ball
1-1: Ball
2-1: Foul Ball, location: 2F
2-2: Ball
3-2: Strikes out swinging
Batting: LHB Vicente Castaneda 0-0: Ball
1-0: Ball
2-0: Ball
3-0: Base on Balls
Theron Montecalvo to third
Andrew Cantrell to second
Batting: RHB Asko Riikonen 0-0: Foul Ball, location: 2F
0-1: Foul Ball, location: 2F
0-2: Ball
1-2: Fly out, F3 (Popup, 3SF)
Top of the 9th over - 2 runs, 2 hits, 1 error, 3 left on base; Marquette 4 - Ft. Polk South 8
Sunday, March 18th, 2018 - OOTP Baseball 18.8 Build 76